 Dungeon Crawl Stone Soup version 0.23.1 (webtiles) character file.

Game seed: 166977198267571649

0 glosham the Skirmisher (level 1, -64/18 HPs)
             Began as a Mummy Abyssal Knight on Mar 9, 2019.
             Was a Follower of Lugonu.
             Killed from afar by a hell hog (70 damage)
             ... with a fireball
             ... on level 2 of the Abyss.
             The game lasted 00:03:09 (125 turns).

glosham the Skirmisher (Mummy Abyssal Knight)        Turns: 125, Time: 00:03:10

Health: -64/18     AC:  5    Str: 15    XL:     1   Next: 0%
Magic:  2/2        EV: 10    Int: 11    God:    Lugonu [*.....]
Gold:   15         SH:  0    Dex: 11    Spells: 0/0 levels left

rFire    x . .     SeeInvis .   a - +1 hand axe
rCold    + . .     Gourm    .   (no shield)
rNeg     + + +     Faith    .   e - +0 ring mail
rPois    ∞         Spirit   .   (no helmet)
rElec    .         Reflect  .   (no cloak)
rCorr    .         Harm     .   (no gloves)
MR       .....                  (no boots)
Stlth    +.........             (no amulet)
HPRegen  0.06/turn              (no ring)
MPRegen  0.08/turn              (no ring)

@: no status effects
A: no food or potions, fire vulnerability, cold resistance 1, negative energy
resistance 3, torment resistance, unbreathing
a: Depart the Abyss, Renounce Religion


You were on level 2 of the Abyss.
You worshipped Lugonu.
Lugonu was aware of your devotion.
You were not hungry.

You visited 0 branches of the dungeon, and saw 0 of its levels.
You visited the Abyss 1 time.

You collected 15 gold pieces.

Inventory:

Hand Weapons
 a - a +1 hand axe (weapon)
 c - a +0 hand crossbow
Missiles
 d - 10 sling bullets
Armour
 b - a +0 leather armour
 e - a +0 ring mail (worn)
 f - a +0 chain mail


   Skills:
 * Level 3.0 Fighting
 - Level 1.5 Axes
 - Level 1.5 Armour
 - Level 0.7 Dodging
 - Level 1.5 Invocations


You couldn't memorise any spells.
You didn't know any spells.
Your spell library was empty.

Dungeon Overview and Level Annotations

Branches:
Dungeon (0/15)

Altars:


Innate Abilities, Weirdness & Mutations

You do not eat or drink.
Your flesh is vulnerable to fire.
You are immune to poison.
Your flesh is cold resistant. (rC+)
You are immune to negative energy. (rN+++)
You are immune to unholy pain and torment.
You can survive without breathing.


Message History

There is a gateway leading deeper into the Abyss here.
Wear which item? (? for menu, Esc to quit)
You finish taking off your +0 leather armour.
You finish putting on your +0 ring mail.
As you read the scroll labeled CIRIOF WINEOMO, it crumbles to dust.
It is a scroll of identify.
d - a +1 dagger of holy wrath Drop what? 4/52 slots (_ for help) (? for menu, Esc to quit)
You drop a +1 dagger of holy wrath.
You plunge deeper into the Abyss.
Found a hand crossbow.
You enter the shallow water.
Moving in this stuff is going to be slow.
Found 10 sling bullets.
You see here a hand crossbow.
c - a hand crossbow You see here 10 sling bullets.
d - 10 sling bullets
Found a chain mail.
Found 15 gold pieces.
You see here a chain mail.
f - a chain mail You see here 15 gold pieces.
You now have 15 gold pieces.
A smoke demon comes into view.
The smoke demon roars!
You hear a roar!
A raiju comes into view.
The smoke demon gestures at you. The ball of steam hits you!
The steam scalds you terribly!
Ouch! That really hurt!
The smoke demon gestures at you. The sticky flame misses you.
A hell hog comes into view.
The hell hog squeals angrily.
A small abomination comes into view.
The hell hog breathes fire at you.
The fireball explodes!
The fireball engulfs you!!! The fire burns you terribly!
Ouch! That really hurt!
You die...

. °
°..........#.......# #
°°°##..#.#..#..#..##.#.
§§§ #... .#.##3.#### §
## ....##.#.##.. #..
.#.#h##.# 8# #
.#...#..## ###.....#
#...#..# #.@.# .#
#.......# #.##x#..# .#
...... .. #..# # .##
.#.. ## ...## ###


You could see a hell hog, a smoke demon and a small abomination.

Vanquished Creatures (others)
  A raiju (Abyss:2)
  A small abomination (Abyss:2)
2 creatures vanquished.

Notes
Turn   | Place    | Note
-------+----------+-------------------------------------------
     0 | Abyss:1  | glosham the Mummy Abyssal Knight began the quest for the
                  | Orb.
     0 | Abyss:1  | Reached XP level 1. HP: 18/18 MP: 2/2
    86 | Abyss:2  | Noticed a smoke demon
    94 | Abyss:2  | Noticed a raiju
   102 | Abyss:2  | Killed a raiju
   115 | Abyss:2  | Noticed a hell hog
   121 | Abyss:2  | Killed a small abomination
   125 | Abyss:2  | Killed from afar by a hell hog

Action                   || total
-------------------------++-------
  Use: Scroll            ||     1
Dodge: Dodged            ||     1

Table legend:
 A = Turns spent in this place as a percentage of turns spent in the entire game.
 B = Non-inter-level travel turns spent in this place as a percentage of non-inter-level travel turns spent in the entire game.
 C = Inter-level travel turns spent in this place as a percentage of turns spent in this place.
 D = Turns resting spent in this place as a percentage of non-inter-level travel turns spent in this place.
 E = Turns spent auto-exploring this place as a percentage of non-inter-level travel turns spent in this place.
 F = Non-inter-level travel turns spent in this place divided by the number of levels of this place that you've seen.
                   A       B       C       D       E      F
               +-------+-------+-------+-------+-------+----------------------
         Total | 100.0 | 100.0 |   0.0 |   0.0 |   0.0 |  62.5
         Abyss | 100.0 | 100.0 |   0.0 |   0.0 |   0.0 |  62.5
               +-------+-------+-------+-------+-------+----------------------

Levels and vault maps discovered:
Abyss:1
Abyss:2:  lemuel_flamethrower_2
